 Dungeon Crawl Stone Soup version 0.25-a0-316-gd28d56f9c5 (webtiles) character file.

Game seed: 15801089352665794537, levelgen mode: classic

6351 Borgoz the Carver (level 10, -9/91 HPs)
             Began as a Gargoyle Berserker on Dec 24, 2019.
             Was an Elder of Trog.
             Engulfed by an ice statue's freezing vapour (15 damage)
             ... on level 9 of the Dungeon.
             The game lasted 00:13:13 (7841 turns).

Borgoz the Carver (Gargoyle Berserker)              Turns: 7841, Time: 00:13:14

Health: -9/91      AC: 24    Str: 26    XL:     10   Next: 96%
Magic:  10/10      EV: 13    Int:  8    God:    Trog [****..]
Gold:   537        SH:  0    Dex: 19    Spells: 9/9 levels left

rFire    . . .     SeeInvis .   b - +6 falchion "Uputoest" {drain, Dex+4}
rCold    . . .     Gourm    .   (no shield)
rNeg     + . .     Faith    .   g - +0 plate armour
rPois    ∞         Spirit   .   (no helmet)
rElec    +         Reflect  .   (no cloak)
rCorr    +         Harm     .   t - +2 pair of gloves
MR       .....                  (no boots)
Stlth    ..........             (no amulet)
HPRegen  0.25/turn              j - ring of resist corrosion
MPRegen  0.12/turn              f - +3 ring of dexterity

@: berserking, very quick
A: negative energy resistance 1, electricity resistance, unbreathing,
petrification resistance, rot immunity, AC +7
a: Berserk, Trog's Hand, Brothers in Arms, Renounce Religion


You were on level 9 of the Dungeon.
You worshipped Trog.
Trog was greatly pleased with you.
You were very hungry.

You visited 2 branches of the dungeon, and saw 10 of its levels.

You collected 537 gold pieces.

Inventory:

Hand Weapons
 a - a +0 scimitar
 b - the +6 falchion "Uputoest" (weapon) {drain, Dex+4}
   (You found it on level 9 of the Dungeon)

   A truly terrible weapon, it drains the life of those it strikes.
   It affects your dexterity (+4).
Missiles
 x - a throwing net (quivered)
Armour
 g - a +0 plate armour (worn)
 t - a +2 pair of gloves (worn)
Jewellery
 f - a +3 ring of dexterity (right hand)
 j - a ring of resist corrosion (left hand)
 l - a +3 ring of intelligence
 w - an uncursed ring of positive energy
Wands
 y - a wand of scattershot (4)
 A - a wand of iceblast (6)
 B - a wand of flame (15)
Scrolls
 h - a scroll of magic mapping
 i - 6 scrolls of remove curse
 k - 2 scrolls of blinking {unknown}
 m - 2 scrolls of fog
 o - 2 scrolls of teleportation {unknown}
 p - 3 scrolls of enchant weapon {unknown}
 C - a scroll of random uselessness {unknown}
 D - a scroll of holy word {unknown}
 G - a scroll of amnesia {unknown}
Potions
 d - 3 potions of heal wounds
 e - 4 potions of curing
 n - a potion of berserk rage
 q - 3 potions of magic
 r - 2 potions of resistance
 s - a potion of ambrosia
 v - a potion of might
 z - 3 potions of invisibility
 F - a potion of mutation {unknown}
Comestibles
 c - 20 rations


   Skills:
 + Level 6.6 Fighting
 * Level 9.1 Long Blades
 + Level 8.7 Armour
 * Level 8.1 Dodging


You had 9 spell levels left.
You didn't know any spells.
Your spell library was empty.

Dungeon Overview and Level Annotations

Branches:
Dungeon (9/15)             Temple (1/1) D:4
   Lair: D:8-11         Orc: D:9-12

Altars:
Elyvilon
Nemelex Xobeh
Qazlal
Yredelemnul

Shops:
D:6 *

Annotations:
D:9 exclusions: ice statue and orange crystal statue


Innate Abilities, Weirdness & Mutations

You are resistant to torment.
Your stone body is resilient. (AC +7)
You are immune to poison.
You resist negative energy. (rN+)
You are resistant to electric shocks. (rElec)
You can survive without breathing.
You are immune to petrification.
You are immune to rotting.


Message History

You slash the ice statue!
The ice statue is moderately damaged.
You are engulfed in freezing vapours.
You hit the ice statue.
The ice statue is heavily damaged.
You are engulfed in freezing vapours.
The ice statue gestures.
You slash the ice statue!
The ice statue is severely damaged.
You are engulfed in freezing vapours.
You hit the ice statue.
The ice statue is severely damaged.
You are engulfed in freezing vapours.
The ice statue gestures at you. The shard of ice hits you!!
* * * LOW HITPOINT WARNING * * *
You slash the ice statue!
The ice statue is almost destroyed.
You are engulfed in freezing vapours.
You die...

#################.............#
..............................#
..................##########..#
..................# #..#
...............#..# #..#
..............###.# #..#
.............##.### #..#
............##.°Y###########..#
............#.○8@○##..........#
............##.○☼○.#..........#
##########...##...○...........#
#....##......#######.#
#.....##....## #.#
#......##...# #.#
##########.#.... ##..########.#
........)..##(.8 #........)..#
............## #...........#


You could see an ice statue and an ice beast.

Vanquished Creatures
  A two-headed ogre (D:9)
  A cyclops (D:9)
  Psyche (D:8)
  A troll (D:7)
  A hippogriff (D:8)
  A wyvern (D:8)
  4 hogs (D:7)
  A human (D:7)
  A water moccasin (D:5)
  A sky beast (D:6)
  A black bear (D:9)
  A phantom (D:6)
  2 necrophages
  2 centaurs
  2 orc warriors
  3 ogres
  8 bullfrogs
  A gnoll sergeant (D:7)
  A water moccasin skeleton (D:3)
  2 scorpions
  12 killer bees (D:7)
  3 howler monkeys (D:8)
  4 crimson imps
  A quasit (D:8)
  A bullfrog zombie (D:6)
  2 jellies
  4 orc priests
  7 hounds
  7 orc wizards
  2 bullfrog skeletons
  A centaur skeleton (D:5)
  A gnoll shaman (D:4)
  5 iguanas
  2 worker ants
  A killer bee zombie (D:8)
  A hound zombie (D:9)
  A hound skeleton (D:6)
  7 gnolls
  3 adders
  3 oozes
  2 adder skeletons
  4 worms
  7 leopard geckos
  27 orcs
  A ball python (D:3)
  5 giant cockroaches
  4 goblins
  6 hobgoblins
  17 jackals
  17 kobolds
  2 quokkas
  8 bats
  5 frilled lizards
  2 leopard gecko skeletons
  A quokka zombie (D:6)
  8 rats
220 creatures vanquished.

Vanquished Creatures (others)
  2 plants (D:3)
2 creatures vanquished.

Grand Total: 222 creatures vanquished

Notes
Turn   | Place    | Note
-------+----------+-------------------------------------------
     0 | D:1      | Borgoz the Gargoyle Berserker began the quest for the Orb.
     0 | D:1      | Reached XP level 1. HP: 14/14 MP: 1/1
   558 | D:1      | Reached XP level 2. HP: 16/19 MP: 2/2
   675 | D:1      | Found a sparkling altar of Nemelex Xobeh.
   677 | D:1      | Reached skill level 3 in Long Blades
  1078 | D:2      | Reached XP level 3. HP: 23/23 MP: 3/3
  1681 | D:2      | Reached ** piety under Trog
  1777 | D:2      | Noticed a centaur
  1780 | D:2      | Reached XP level 4. HP: 28/28 MP: 4/4
  1787 | D:2      | Killed a centaur
  1787 | D:2      | Reached XP level 5. HP: 32/32 MP: 5/5
  2777 | D:3      | Reached skill level 4 in Long Blades
  2793 | D:3      | Reached XP level 6. HP: 29/37 MP: 6/6
  2825 | D:3      | Reached *** piety under Trog
  2996 | D:4      | Found a staircase to the Ecumenical Temple.
  3096 | Temple   | Entered the Ecumenical Temple
  3389 | D:4      | Reached XP level 7. HP: 40/41 MP: 7/7
  3406 | D:4      | Reached skill level 5 in Armour
  3929 | D:5      | Entered Level 5 of the Dungeon
  3949 | D:5      | Reached skill level 5 in Long Blades
  4082 | D:5      | Reached XP level 8. HP: 31/46 MP: 8/8
  4931 | D:6      | Reached skill level 5 in Dodging
  4955 | D:6      | Reached skill level 6 in Long Blades
  5351 | D:6      | Found Qemm's General Store.
  5399 | D:6      | Found a stormy altar of Qazlal.
  5401 | D:6      | Noticed a water elemental
  5401 | D:6      | Noticed an air elemental
  5455 | D:6      | Reached XP level 9. HP: 50/52 MP: 9/9
  5585 | D:7      | Reached **** piety under Trog
  5701 | D:7      | Reached skill level 7 in Long Blades
  5789 | D:7      | Noticed a troll
  5810 | D:7      | Killed a troll
  5810 | D:7      | Reached skill level 5 in Fighting
  6252 | D:7      | Got a smoking battleaxe
  6253 | D:7      | Identified the +3 battleaxe "Putiaracw" {flame, Fragile rF+
                  | rC+ Str+2} (You found it on level 7 of the Dungeon)
  6278 | D:7      | Reached XP level 10. HP: 59/59 MP: 10/10
  6285 | D:7      | Reached skill level 8 in Long Blades
  6358 | D:7      | Found a sparkling altar of Nemelex Xobeh.
  6845 | D:8      | Noticed Psyche
  6861 | D:8      | Killed Psyche
  7049 | D:9      | Noticed a two-headed ogre
  7063 | D:9      | Killed a two-headed ogre
  7216 | D:9      | Found a basalt altar of Yredelemnul.
  7228 | D:9      | Noticed a cyclops
  7239 | D:9      | Killed a cyclops
  7239 | D:9      | Reached skill level 9 in Long Blades
  7479 | D:9      | Noticed an orange crystal statue
  7538 | D:9      | Got a faintly glowing falchion
  7539 | D:9      | Identified the +6 falchion "Uputoest" {drain, Dex+4} (You
                  | found it on level 9 of the Dungeon)
  7830 | D:9      | Noticed an ice statue
  7841 | D:9      | Engulfed by an ice statue's freezing vapour

Levels and vault maps discovered:
D:1:      minmay_arrival_loop, layout_basic, serial_co_window_serial,
          co_window_of_opportunity_a, co_window_of_opportunity_a,
          co_window_paths_b, co_window_paths_a, co_window_paths_b,
          co_window_corner_a, co_window_corner_a, co_window_paths_b,
          co_window_paths_a, co_window_2corner, co_window_broadway_a,
          co_window_paths_c, co_window_broadway_b, glass_columns_a,
          glass_columns_c, glass_columns_a, minmay_misc_feat_doors,
          minmay_hexomino_r4
D:2:      layout_basic, minmay_misc_feat_chi, st_stairs_1
D:3:      layout_loops_ring, serial_bayou, serial_bayou_pond_a,
          serial_bayou_lake_a, serial_bayou_pond_c, serial_bayou_pond_c
D:4:      layout_basic, minmay_temple_entry_proselytizer, first_ration
D:5:      corexii_shack_village, layout_basic
D:6:      layout_loops_ring, serial_shops, nicolae_shop_waterfront,
          nicolae_qazlal_style_of_elements
D:7:      layout_basic, basic_altar, grunt_livestock
D:8:      layout_gridville, uniq_psyche
D:9:      minmay_separated_statues, layout_long_grid, kennysheep_mini_moat
Temple:   regret_index_temple_sigil_plot

Skill      XL: |  1  2  3  4  5  6  7  8  9 10 |
---------------+-------------------------------+-----
Long Blades    | 3 4 5 6 7 9 |  9.1
Dodging        | 2 3 4 5 6 8 |  8.1
Armour         | 3 4 5 6 7 8 |  8.7
Fighting       | 4 5 6 |  6.6

Action                   |  1- 3 |  4- 6 |  7- 9 | 10-12 || total
-------------------------+-------+-------+-------+-------++-------
Melee: Falchion          |   154 |   117 |       |    12 ||   283
       Long sword        |       |    80 |   207 |       ||   287
       Scimitar          |       |       |   337 |   174 ||   511
Invok: Berserk           |       |     2 |     6 |     4 ||    12
       Trog's Hand       |       |       |     5 |       ||     5
Evoke: Wand              |       |       |       |     3 ||     3
  Use: Scroll            |       |     7 |     3 |     1 ||    11
  Eat: Chunk             |     3 |     8 |    17 |     9 ||    37
Armor: Plate armour      |   125 |   164 |   454 |   129 ||   872
       Animal skin       |     2 |       |       |       ||     2
Dodge: Dodged            |    64 |    95 |   254 |    98 ||   511
       Rpst.: Falchion   |    22 |    25 |       |       ||    47
       Long sword        |       |     9 |    22 |       ||    31
       Scimitar          |       |       |    42 |    30 ||    72

Table legend:
 A = Non-vault XP
 B = Vault XP
 C = Vault XP percentage of total XP
 D = Non-vault monster count
 E = Vault monster count
 F = Vault count percentage of total count
                 A         B        C        D         E       F
            +---------+---------+-------+---------+---------+-------
      Total |    7601 |    1473 |  16.2 |     198 |      22 |  10.0
            +---------+---------+-------+---------+---------+-------
        D:1 |      26 |       4 |  13.3 |      16 |       3 |  15.8
        D:2 |     225 |       4 |   1.7 |      30 |       3 |   9.1
        D:3 |     131 |       0 |   0.0 |      22 |       0 |   0.0
        D:4 |     498 |      41 |   7.6 |      20 |       1 |   4.8
        D:5 |     675 |      18 |   2.6 |      16 |       9 |  36.0
        D:6 |     767 |       0 |   0.0 |      17 |       0 |   0.0
        D:7 |    2367 |     958 |  28.8 |      51 |       5 |   8.9
        D:8 |     967 |     448 |  31.7 |      17 |       1 |   5.6
        D:9 |    1945 |       0 |   0.0 |       9 |       0 |   0.0
            +---------+---------+-------+---------+---------+-------
